 Dungeon Crawl Stone Soup version 0.29.0-4-gdea44cf6ec (webtiles) character file.

Game seed: 9951801052113371532

9 qw the Sneak (level 2, -1/19 HPs)
             Began as a Gargoyle Delver on Sept 10, 2022.
             Slain by a scorpion (7 damage)
             ... on level 5 of the Dungeon.
             The game lasted 00:00:06 (463 turns).

qw the Sneak (Gargoyle Delver)                       Turns: 463, Time: 00:00:06

Health: -1/19      AC:  5    Str: 15    XL:     2   Next: 16%
Magic:  2/2        EV: 11    Int: 10    God:
Gold:   6          SH:  0    Dex: 11    Spells: 1/1 levels left

rFire   . . .      SeeInvis .   a - +0 hand axe
rCold   . . .      Faith    .   (no shield)
rNeg    + . .      Spirit   .   b - +0 leather armour
rPois   inf        Reflect  .   (no helmet)
rElec   +          Harm     .   (no cloak)
rCorr   .          Rampage  .   (no gloves)
Will    .....                   (no boots)
Stlth   +++.......              (no amulet)
HPRegen 0.06/turn               (no ring)
MPRegen 0.08/turn               (no ring)

@: no status effects
A: sickness immunity, AC +2, negative energy resistance 1, electricity
resistance, torment resistance 1, petrification resistance
a: no special abilities


You were on level 5 of the Dungeon.
You visited 1 branch of the dungeon, and saw 1 of its levels.

You collected 6 gold pieces.


Innate Abilities, Weirdness & Mutations

You are immune to sickness and miasma.
Your stone body is resilient. (AC +2)
You are immune to poison.
You resist negative energy. (rN+)
You are resistant to electric shocks. (rElec)
You are resistant to unholy torment.
You are immune to petrification.


   Skills:
 - Level 3.2 Fighting
 + Level 2.5 Axes
 - Level 1.5 Dodging
 - Level 5.4 Stealth


You had one spell level left.
You didn't know any spells.
Your spell library was empty.

Inventory:

Hand Weapons
 a - a +0 hand axe (weapon)
 j - a +0 club
Missiles
 i - a boomerang (quivered)
Armour
 b - a +0 leather armour (worn)
 h - a +0 ring mail
Wands
 g - a wand of digging (3)
Scrolls
 c - a scroll of fog
 d - a scroll of magic mapping
 e - a scroll of fear
Potions
 f - a potion of haste
 k - a potion of heal wounds {unknown}

Dungeon Overview and Level Annotations

Branches:
Dungeon (5/15)
 Temple: D:4-7

Altars:


Message History

The worm is severely wounded.
You hit the worm.
The worm is almost dead.
The worm bites you.
You hit the worm.
You kill the worm!
You have reached level 2!
You start resting.
An orc is nearby!
442 ||| Stepping ~*~*~tactically~*~*~ (stealth).
You start resting.
You hear the rapid hiss of a distant avalanche of sand.
A scorpion comes into view.
456 ||| Stepping ~*~*~tactically~*~*~ (stealth).
You start resting.
A scorpion is nearby!
458 ||| Stepping ~*~*~tactically~*~*~ (stealth).
A hound comes into view.
Throw: boomerang
Press: ? - help, Q - select action Shift-Dir - straight line, f - hound You throw a boomerang.
The boomerang hits the hound.
The hound barks!
The hound is moderately wounded.
Throw: boomerang
Press: ? - help, Q - select action Shift-Dir - straight line, f/p - hound You throw a boomerang.
The boomerang closely misses the hound.
You hit the hound.
The hound is heavily wounded.
The hound barely misses you. The hound bites you.
You hit the hound.
The hound is almost dead.
You hit the scorpion but do no damage. The scorpion stings you.
The hound bites you but does no damage.
The scorpion stings you but does no damage.
The hound bites you.
You closely miss the hound.
The hound is almost dead.
You hit the scorpion. The hound barely misses you. The scorpion stings you!
You die...

#. .... #.... ###.###
.. #..## # .....#
#.#.... #. ....#
##......
#..##.#.#####.#####.##
#..#..#.......# #.#
#..........########)#
#...h.............))#
#...#@s.......#######
## ##.%..###.# #.....#
#.# ........# #.#
.o.s.....# ...
.........# ...
.s....#### ...#
......# #....


You could see a scorpion and a hound.

Vanquished Creatures
  A worm (D:5)
  3 orcs (D:5)
4 creatures vanquished.

Notes
Turn   | Place    | Note
-------+----------+-------------------------------------------
     0 | D:5      | qw the Gargoyle Delver began the quest for the Orb.
     0 | D:5      | Reached XP level 1. HP: 14/14 MP: 1/1
     0 | D:5      | 0 ||| qw: Version: 0.1-a-116-g5d60599
     0 | D:5      | 0 ||| qw: Game counter: 8687
     0 | D:5      | 0 ||| qw: Always use a shield: true
     0 | D:5      | 0 ||| qw: God list: Okawaru
     0 | D:5      | 0 ||| qw: Allow faded altars: false
     0 | D:5      | 0 ||| qw: Do Orc after D:15 true
     0 | D:5      | 0 ||| qw: Do second Lair branch before Depths: true
     0 | D:5      | 0 ||| qw: Lair rune preference: random
     0 | D:5      | 0 ||| qw: Plans: Normal
     0 | D:5      | 0 ||| PLANNING D:1-11
    27 | D:5      | 27 ||| Stepping ~*~*~tactically~*~*~ (hiding).
   129 | D:5      | 129 ||| Stepping ~*~*~tactically~*~*~ (hiding).
   136 | D:5      | HP: 3/14 [orc/+0 hand axe (3)]
   137 | D:5      | 137 ||| Stepping ~*~*~tactically~*~*~ (hiding).
   269 | D:5      | 269 ||| Stepping ~*~*~tactically~*~*~ (stealth).
   427 | D:5      | Reached XP level 2. HP: 12/19 MP: 2/2
   442 | D:5      | 442 ||| Stepping ~*~*~tactically~*~*~ (stealth).
   455 | D:5      | Noticed a scorpion
   456 | D:5      | 456 ||| Stepping ~*~*~tactically~*~*~ (stealth).
   458 | D:5      | 458 ||| Stepping ~*~*~tactically~*~*~ (stealth).
   463 | D:5      | Slain by a scorpion

Levels and vault maps discovered:
D:5:      layout_loops_cross, gammafunk_temple_overflow_arena, enter_ossuary_1,
          serial_bayou_ford_a

Skill      XL: |  1 |
---------------+----+-----
Axes           | 2 |  2.5
Fighting       | |  3.2
Dodging        | |  1.5
Stealth        | |  5.4

Action                   || total
-------------------------++-------
Melee: Hand axe          ||    11
Throw: Boomerang         ||     9
Armor: Leather armour    ||     3
Dodge: Dodged            ||     7

Table legend:
 A = Non-vault XP
 B = Vault XP
 C = Vault XP percentage of total XP
 D = Non-vault monster count
 E = Vault monster count
 F = Vault count percentage of total count
                 A         B        C        D         E       F
            +---------+---------+-------+---------+---------+-------
      Total |      14 |       0 |   0.0 |       4 |       0 |   0.0
            +---------+---------+-------+---------+---------+-------
        D:5 |      14 |       0 |   0.0 |       4 |       0 |   0.0
            +---------+---------+-------+---------+---------+-------
